 Dungeon Crawl Stone Soup version 0.16.1-18-g436b03c (webtiles) character file.

2262 drasked the Cleaver (level 9, -4/54 HPs)
             Began as a Gargoyle Berserker on Apr 28, 2015.
             Was a High Priest of Trog.
             Slain by an unseen horror (5 damage)
             ... on level 7 of the Dungeon.
             The game lasted 00:06:20 (6151 turns).

drasked the Cleaver (Gargoyle Berserker)            Turns: 6151, Time: 00:06:20

Health: -4/54      AC: 19    Str: 24    XL:     9   Next: 38%
Magic:  9/9        EV: 13    Int:  8    God:    Trog [*****.]
Gold:   0          SH:  0    Dex:  9    Spells: 0 memorised, 8 levels left

rFire  . . .     SeeInvis .     e - +0 war axe
rCold  . . .     Clarity  .     u - +0 chain mail
rNeg   + . .     SustAb   .     (no shield)
rPois  ∞         Gourm    .     t - +2 hat
rElec  +         Spirit   .     f - +0 cloak
rCorr  +         Warding  .     j - +0 pair of gloves
rMut   .         Stasis   .     (no boots)
MR     .....                    m - amulet of resist corrosion
Stlth  ..........               v - +2 ring of evasion
                                Y - +3 ring of evasion

@: not resistant to hostile enchantments, extremely unstealthy
A: negative energy resistance 1, electricity resistance, unbreathing,
petrification resistance, rot immunity, AC +5
a: Burn Spellbooks, Berserk, Trog's Hand, Brothers in Arms, Renounce Religion


You were on level 7 of the Dungeon.
You worshipped Trog.
Trog was extremely pleased with you.
You were not hungry.

You visited 1 branch of the dungeon, and saw 7 of its levels.
You also visited: Sewer.


Innate Abilities, Weirdness & Mutations

You are resistant to torment.
You are immune to poison.
Your stone body is very resilient (AC +5).
You resist negative energy.
You are resistant to electric shocks.
You can survive without breathing.
You are immune to petrification.
You are immune to rotting.


   Skills:
 + Level 5.1 Fighting
 + Level 10.6 Axes
 - Level 3.7 Armour
 - Level 1.5 Dodging


You had 8 spell levels left.
You didn't know any spells.

Inventory:

Hand weapons
 e - a +0 war axe (weapon)
Missiles
 p - 3 javelins
 q - a tomahawk (quivered)
Armour
 f - a +0 cloak (worn)
 j - a +0 pair of gloves (worn)
 t - a +2 hat (worn)
 u - a +0 chain mail (worn)
Jewellery
 d - a +6 ring of intelligence {unknown}
 m - an amulet of resist corrosion (around neck)
 v - a +2 ring of evasion (right hand)
 Y - a +3 ring of evasion (left hand)
Scrolls
 a - 2 scrolls of remove curse
 b - 2 scrolls of recharging
 i - 2 scrolls of identify
Potions
 g - 4 potions of resistance
 h - a potion of might
 k - a potion of haste
 l - a potion of restore abilities
 n - a potion of heal wounds
 o - a potion of curing {unknown}
 r - a potion of degeneration {unknown}
 s - a potion of cancellation {unknown}
Comestibles
 c - a meat ration
 x - 2 beef jerkies
 z - 4 bread rations
 A - 7 slices of pizza

Dungeon Overview and Level Annotations

Branches:
Dungeon (7/15)             Temple (0/1) D:7

Altars:
Dithmenos
Nemelex Xobeh
Ru
Trog
Yredelemnul


Message History

Something hits you but does no damage.
You hit something.
Something hits you but does no damage. x2
You barely miss something. Something hits you but does no damage.
You closely miss something. Something hits you.
You swing at nothing.
You hear a splashing noise.
You closely miss something. Something hits you but does no damage.
You swing at nothing.
You hear a splashing noise.
You closely miss something.
You hear a splashing noise.
You swing at nothing.
Something hits you.
You hit something but do no damage. Something hits you.
You die...

# .# ##.## . #....#
#. #......
####.######........
#..........@{......#
.###.#..###.......#
#.# #..# #.##.## #.#
#..# ## #.# #..##
#.# #...# #.# #.#.#
#.# #.#.# . #.#
#.#.# ##. #.#


There were no monsters in sight!

Vanquished Creatures
  Eustachio (D:4)
  A hog (D:7)
  A hippogriff (D:7)
  A human (D:7)
  Edmund (D:4)
  A phantom (D:5)
  A sky beast (D:7)
  4 ogres
  A big kobold (Sewer)
  Blork the orc (D:6)
  3 giant frogs (D:7)
  A gnoll sergeant (D:6)
  A crimson imp (D:7)
  6 hounds
  A giant frog skeleton (D:4)
  An orc priest (D:6)
  3 iguanas
  A worker ant (D:6)
  2 orc wizards (D:6)
  3 sheep (D:7)
  A hound skeleton (D:6)
  5 adders
  2 river rats (Sewer)
  3 gnolls (D:6)
  A giant mite (D:3)
  2 adder skeletons (D:4)
  2 giant geckos
  3 oozes
  9 orcs
  A ball python (D:1)
  11 bats
  A bat skeleton (D:4)
  A bat zombie (D:6)
  4 giant cockroaches
  13 hobgoblins
  25 kobolds
  3 quokkas
  7 giant newts
  11 goblins
  5 jackals
  2 jackal skeletons
  18 rats
  A spectral orc (D:5)
166 creatures vanquished.

Vanquished Creatures (others)
  An orc (D:6)
1 creature vanquished.

Grand Total: 167 creatures vanquished

Notes
Turn   | Place    | Note
--------------------------------------------------------------
     0 | D:1      | drasked, the Gargoyle Berserker, began the quest for the Orb.
     0 | D:1      | Reached XP level 1. HP: 14/14 MP: 1/1
     0 | D:1      | 0 ||| counter = 3
   200 | D:1      | Reached skill level 3 in Axes
   278 | D:1      | Reached XP level 2. HP: 19/19 MP: 2/2
   372 | D:1      | Acquired Trog's second power
   735 | D:1      | Reached XP level 3. HP: 23/23 MP: 3/3
   790 | D:1      | 790 ||| UPGRADING to cloak.
   795 | D:1      | 795 ||| UPGRADING to leather armour.
   805 | D:1      | 805 ||| DROPPING +0 animal skin.
   806 | D:1      | 806 ||| READING 2 scrolls labeled YMIODURHEC.
   807 | D:1      | 807 ||| READING scroll labeled PLUGUL VEUCINY.
   808 | D:1      | 808 ||| READING 2 scrolls labeled PRO TOINASCHOKK.
   809 | D:1      | 809 ||| DRINKING 2 smoky ruby potions.
   810 | D:1      | 810 ||| READING scroll of identify.
   810 | D:1      | 810 ||| IDENTIFYING onyx ring
   811 | D:1      | 811 ||| UPGRADING to ring of protection from magic.
   901 | D:2      | Found a sparkling altar of Nemelex Xobeh.
  1129 | D:2      | Reached skill level 4 in Axes
  1559 | D:2      | 1559 ||| EATING fruit.
  1618 | D:2      | 1618 ||| UPGRADING to ring mail.
  1628 | D:2      | 1628 ||| DROPPING +0 leather armour.
  1629 | D:2      | 1629 ||| UPGRADING to embroidered hat.
  1634 | D:2      | 1634 ||| UPGRADING to chain mail.
  1644 | D:2      | 1644 ||| DROPPING +0 ring mail.
  1645 | D:2      | 1645 ||| READING 2 scrolls labeled NIAF IGHAO.
  1646 | D:2      | 1646 ||| READING scroll labeled OGIOCAONUTA.
  1647 | D:2      | 1647 ||| READING scroll of identify.
  1647 | D:2      | 1647 ||| IDENTIFYING triangular zirconium amulet
  1648 | D:2      | 1648 ||| UPGRADING to amulet of resist corrosion.
  1710 | D:3      | 1710 ||| STAIRDANCE
  1724 | D:2      | Reached XP level 4. HP: 21/28 MP: 4/4
  1776 | D:3      | 1776 ||| STAIRDANCE
  1930 | D:3      | Found a glowing drain.
  1931 | D:3      | 1931 ||| Found Sewer.
  1942 | Sewer    | Entered a sewer
  1943 | Sewer    | 1943 ||| Entered Sewer.
  1957 | Sewer    | 1957 ||| INVOKING Berserk.
  1969 | Sewer    | 1969 ||| EATING bread ration.
  2190 | Sewer    | Noticed a big kobold
  2239 | Sewer    | Killed a big kobold
  2239 | Sewer    | Reached skill level 5 in Axes
  2239 | Sewer    | Reached XP level 5. HP: 30/32 MP: 5/5
  2262 | Sewer    | Found a glowing silver altar of Zin.
  2300 | Sewer    | 2300 ||| READING scroll labeled SUZONA VIEDOEKLES.
  2301 | Sewer    | 2301 ||| DRINKING 2 emerald potions.
  2464 | D:3      | Noticed an ogre
  2466 | D:3      | 2466 ||| INVOKING Berserk.
  2469 | D:3      | Killed an ogre
  2469 | D:3      | Reached skill level 6 in Axes
  2469 | D:3      | Reached XP level 6. HP: 37/37 MP: 6/6
  2692 | D:3      | 2692 ||| UPGRADING to pair of gloves.
  2697 | D:3      | 2697 ||| READING 2 scrolls of identify.
  2697 | D:3      | 2697 ||| IDENTIFYING notched granite ring
  2698 | D:3      | 2698 ||| UPGRADING to +2 ring of evasion.
  2765 | D:4      | Got a scorched jade ring
  2784 | D:4      | Acquired Trog's third power
  2831 | D:4      | 2831 ||| INVOKING Berserk.
  3041 | D:4      | Noticed Eustachio
  3046 | D:4      | 3046 ||| INVOKING Berserk.
  3053 | D:4      | Killed Eustachio
  3053 | D:4      | Reached XP level 7. HP: 43/43 MP: 7/7
  3089 | D:4      | 3089 ||| EATING royal jelly.
  3185 | D:4      | 3185 ||| INVOKING Berserk.
  3188 | D:4      | Reached skill level 7 in Axes
  3423 | D:4      | 3423 ||| DRINKING 2 smoky emerald potions.
  3424 | D:4      | 3424 ||| READING scroll of identify.
  3424 | D:4      | 3424 ||| IDENTIFYING ring of evasion
  3425 | D:4      | 3425 ||| UPGRADING to +3 ring of evasion.
  3427 | D:4      | 3427 ||| DROPPING ring of protection from magic.
  3460 | D:5      | Entered Level 5 of the Dungeon
  3460 | D:5      | Noticed Edmund
  3464 | D:5      | 3464 ||| STAIRDANCE
  3538 | D:4      | Killed Edmund
  3599 | D:4      | 3599 ||| READING scroll labeled VAEM ICVAIHE.
  3603 | D:5      | 3603 ||| STAIRDANCE
  3711 | D:5      | Reached skill level 8 in Axes
  3711 | D:5      | Reached XP level 8. HP: 48/48 MP: 8/8
  3972 | D:5      | Found a bloodstained altar of Trog.
  3979 | D:5      | 3979 ||| INVOKING Berserk.
  4037 | D:5      | Found a shadowy altar of Dithmenos.
  4043 | D:5      | Found a sacrificial altar of Ru.
  4098 | D:5      | Found a basalt altar of Yredelemnul.
  4247 | D:5      | Reached skill level 3 in Armour
  4277 | D:5      | 4277 ||| READING scroll labeled SOUN REKESTUMA.
  4314 | D:5      | 4314 ||| READING scroll labeled TUAPIXKETTI.
  4455 | D:6      | Noticed Blork the orc
  4473 | D:6      | Killed Blork the orc
  4473 | D:6      | Reached skill level 9 in Axes
  4475 | D:6      | 4475 ||| INVOKING Berserk.
  4492 | D:6      | 4492 ||| EATING 2 meat rations.
  5468 | D:6      | 5468 ||| INVOKING Berserk.
  5535 | D:6      | 5535 ||| EATING meat ration.
  5663 | D:6      | 5663 ||| UPGRADING to scorched jade ring.
  5664 | D:6      | Identified the ring "Moary" {Wiz Int+7} (You found it on level 4 of the Dungeon)
  5665 | D:6      | 5665 ||| REMOVING ring "Moary" {Wiz Int+7}.
  5666 | D:6      | 5666 ||| DROPPING ring "Moary" {Wiz Int+7}.
  5667 | D:6      | 5667 ||| UPGRADING to +3 ring of evasion.
  5668 | D:6      | 5668 ||| DRINKING 2 lumpy ruby potions.
  5669 | D:6      | 5669 ||| DRINKING 2 yellow potions.
  5670 | D:6      | 5670 ||| DRINKING 2 brown potions {tried by monster}.
  5671 | D:6      | 5671 ||| READING 3 scrolls of identify.
  5671 | D:6      | 5671 ||| IDENTIFYING murky blue potion
  5672 | D:6      | 5672 ||| READING 2 scrolls of identify.
  5672 | D:6      | 5672 ||| IDENTIFYING pink potion
  5685 | D:7      | 5685 ||| STAIRDANCE
  5821 | D:7      | Reached XP level 9. HP: 47/54 MP: 9/9
  5867 | D:7      | Reached skill level 10 in Axes
  5883 | D:7      | Found a staircase to the Ecumenical Temple.
  6039 | D:7      | 6039 ||| UPGRADING to war axe.
  6040 | D:7      | 6040 ||| DROPPING +0 hand axe.
  6135 | D:7      | HP: 12/54 [something (2)]
  6140 | D:7      | HP: 6/54 [something (4)]
  6145 | D:7      | HP: 3/54 [something (4)]
  6150 | D:7      | HP: 1/54 [something (3)]
  6151 | D:7      | Slain by an unseen horror

Vault maps used:
D:1:      dpeg_arrival_shrine
D:2:      nicolae_overflow_crystal_walls
D:3:      portal_sewer_entry_d
D:4:      first_bread, uniq_eustachio
D:5:      grunt_temple_overflow_open, yredelemnul_forgotten_temple_becter,
          uniq_edmund
D:6:      uniq_blork_the_orc
D:7:      minmay_temple_entry_junction, grunt_livestock, nrook_mini_vaults,
          kennysheep_small_circle, uniq_crazy_yiuf_cottage, uniq_joseph
Sewer:    sewer_kobolds

Action                   |  1- 3 |  4- 6 |  7- 9 || total
-------------------------+-------+-------+-------++-------
Melee: Hand axe          |    97 |   152 |   390 ||   639
       War axe           |       |       |    15 ||    15
Throw: Tomahawk          |    36 |    45 |    52 ||   133
       Javelin           |       |     1 |    41 ||    42
Invok: Berserk           |       |     4 |     4 ||     8
  Use: Scroll            |     7 |     2 |     6 ||    15
       Potion            |     1 |     1 |     4 ||     6
  Eat: Chunk             |     1 |     4 |     5 ||    10
       Fruit             |     1 |       |       ||     1
       Bread ration      |       |     1 |       ||     1
       Royal jelly       |       |       |     1 ||     1
       Meat ration       |       |       |     2 ||     2
